 Dungeon Crawl Stone Soup version 0.25.1-2-g60ff931df9 (webtiles) character file.

Game seed: 11321886620913943340

289 Qrupt the Twirler (level 6, -2/48 HPs)
             Began as a Demonspawn Gladiator on Oct 29, 2020.
             Slain by a gnoll
             ... wielding a +0 spear
              (7 damage)
             ... on level 3 of the Dungeon.
             The game lasted 00:06:49 (3626 turns).

Qrupt the Twirler (Demonspawn Gladiator)            Turns: 3626, Time: 00:06:50

Health: -2/48      AC:  2    Str: 16    XL:     6   Next: 9%
Magic:  6/6        EV: 14    Int: 12    God:
Gold:   185        SH:  0    Dex: 14    Spells: 5/5 levels left

rFire    . . .     SeeInvis .   a - +0 quarterstaff
rCold    . . .     Gourm    .   (shield currently unavailable)
rNeg     . . .     Faith    .   g - +0 robe (curse)
rPois    .         Spirit   .   (helmet restricted)
rElec    .         Reflect  .   (no cloak)
rCorr    .         Harm     .   (no gloves)
MR       .....                  (no boots)
Stlth    +.........             (no amulet)
HPRegen  0.16/turn              (no ring)
MPRegen  0.10/turn              (no ring)

@: no status effects
A: antennae 1, clever 1, mutation resistance 1, sense surroundings 1, powered by
death 1
a: no special abilities


You were on level 3 of the Dungeon.
You were not hungry.

You visited 1 branch of the dungeon, and saw 3 of its levels.

You collected 185 gold pieces.

Inventory:

Hand Weapons
 a - a +0 quarterstaff (weapon)
Missiles
 d - 3 throwing nets (quivered)
Armour
 b - a +0 leather armour
 c - a +0 helmet
 g - a cursed +0 robe (worn)
Jewellery
 p - an uncursed ring of magical power {unknown}
Wands
 m - a wand of acid (9)
Scrolls
 e - a scroll of identify
 j - a scroll of immolation
 l - a scroll of teleportation
 n - a scroll of random uselessness {unknown}
 s - a scroll of remove curse {unknown}
Potions
 i - a potion of curing
 q - a potion of haste
 r - a potion of might {unknown}
 t - a potion of flight {unknown}
Comestibles
 f - 5 rations


   Skills:
 + Level 3.7 Fighting
 + Level 3.9 Staves
 + Level 3.2 Throwing
 + Level 3.8 Dodging


You had 5 spell levels left.
You didn't know any spells.
Your spell library was empty.

Dungeon Overview and Level Annotations

Branches:
Dungeon (3/15)

Altars:
Hepliaklqana
Kikubaaqudgha
Nemelex Xobeh
Wu Jian
Xom


Innate Abilities, Weirdness & Mutations

You have a pair of small antennae on your head.
You regenerate a little health from kills.
Your mind is acute. (Int +2)
You are somewhat resistant to further mutation.
You passively map a small area around you.


Message History

The gnoll is almost dead.
The gnoll misses you.
You barely miss the gnoll.
The gnoll is almost dead.
The gnoll hits you with a +0 spear!
You hit the gnoll but do no damage.
The gnoll is almost dead.
The gnoll hits you with a +0 spear!
* * * LOW HITPOINT WARNING * * *
You hit the gnoll but do no damage.
The gnoll is almost dead.
The gnoll hits you with a +0 spear.
* * * LOW HITPOINT WARNING * * *
You closely miss the gnoll.
The gnoll is almost dead.
The gnoll misses you.
You hit the gnoll.
The gnoll is almost dead.
The gnoll hits you with a +0 spear!
You die...

#....≈≈≈.# , #....≈≈≈.# ,
#.P..≈≈≈.# , , , , , ,
#....≈≈≈.# **** **** *
#....≈≈≈.# , , ,
#....≈≈≈.#.', , '
#....≈≈###'# , , ..#
#...P≈≈#...#############''''#
#....≈≈#...#....@g...).......
,
#....≈≈#####≈≈≈≈≈≈≈≈≈≈≈≈....≈
#....≈≈≈≈≈≈≈≈≈≈≈≈≈≈≈≈≈≈≈....≈
#P...≈≈≈≈≈≈≈≈≈)≈≈≈≈≈≈≈≈≈....≈
#...........................:
###############.....>........
#...............#...
#.######.######.##.# * ,.# *


You could see a gnoll.

Vanquished Creatures
  An orc priest (D:3)
  An orc wizard (D:3)
  2 adders
  13 gnolls
  A worm (D:2)
  A dart slug (D:1)
  2 leopard geckos (D:1)
  3 orcs (D:3)
  2 ball pythons
  5 giant cockroaches
  5 goblins
  5 hobgoblins
  15 jackals (D:3)
  9 kobolds
  A quokka (D:3)
  6 bats
  4 frilled lizards
  5 rats
81 creatures vanquished.

Notes
Turn   | Place    | Note
-------+----------+-------------------------------------------
     0 | D:1      | Qrupt the Demonspawn Gladiator began the quest for the Orb.
     0 | D:1      | Reached XP level 1. HP: 16/16 MP: 1/1
   244 | D:1      | Gained mutation: You regenerate a little health from kills.
                  | [demonic ancestry]
   244 | D:1      | Reached XP level 2. HP: 19/22 MP: 2/2
   690 | D:1      | Reached XP level 3. HP: 25/28 MP: 3/3
  1187 | D:2      | HP: 1/28 [gnoll/+0 spear (6)]
  1843 | D:2      | Reached XP level 4. HP: 28/34 MP: 4/4
  2008 | D:2      | Found a hazy altar of Hepliaklqana.
  2010 | D:2      | Found a sparkling altar of Nemelex Xobeh.
  2010 | D:2      | Found a shimmering altar of Xom.
  2012 | D:2      | Found an ancient bone altar of Kikubaaqudgha.
  2012 | D:2      | Found an ornate altar of the Wu Jian Council.
  2012 | D:2      | Found a hazy altar of Hepliaklqana.
  2240 | D:3      | Reached XP level 5. HP: 8/41 MP: 5/5
  3335 | D:3      | Gained mutation: You passively map a small area around you.
                  | [potion of mutation]
  3335 | D:3      | Gained mutation: You are somewhat resistant to further
                  | mutation. [potion of mutation]
  3335 | D:3      | Gained mutation: Your mind is acute. (Int +2) [potion of
                  | mutation]
  3559 | D:3      | Gained mutation: You have a pair of small antennae on your
                  | head. [demonic ancestry]
  3559 | D:3      | Reached XP level 6. HP: 36/48 MP: 6/6
  3626 | D:3      | Slain by a gnoll

Illustrated notes

Levels and vault maps discovered:
D:1:      minmay_arrival_semitransparent, layout_basic
D:2:      layout_basic, doesnt_xom_only_xom, first_ration, feat_on_display
D:3:      lemuel_castle_with_subvaults [lemuel_castle_interior_carwin_1],
          layout_basic, tso_altar

Skill      XL: |  1  2  3  4  5 |
---------------+----------------+-----
Throwing       | 2 3 |  3.2
Staves         | 3 |  3.9
Dodging        | 3 |  3.8
Fighting       | 3 |  3.7

Action                   |  1- 3 |  4- 6 || total
-------------------------+-------+-------++-------
Melee: Quarterstaff      |   118 |   160 ||   278
Throw: Throwing net      |       |     3 ||     3
Evoke: Wand              |       |     3 ||     3
  Use: Potion            |     2 |     6 ||     8
       Scroll            |     1 |     2 ||     3
 Stab: Sleeping          |       |     1 ||     1
       Held in net/web   |       |     1 ||     1
  Eat: Chunk             |     3 |     6 ||     9
Armor: Leather armour    |    32 |       ||    32
       Robe              |     5 |    39 ||    44
Dodge: Dodged            |    84 |   146 ||   230
